 Dungeon Crawl Stone Soup version 0.31.0 (webtiles) character file.

Game seed: 6461164341923282812

1641 Daunt the Fighter (level 8, -4/86 HPs)
             Began as a Minotaur Wanderer on Jan 19, 2024.
             Was a High Priest of Jiyva.
             Slain by a gnoll bouda
             ... wielding a +0 hand axe
              (11 damage)
             ... on level 7 of the Dungeon.
             The game lasted 00:10:41 (3857 turns).

Daunt the Fighter (Minotaur Wanderer)               Turns: 3857, Time: 00:10:41

Health: -4/86      AC:  4    Str: 25    XL:     8   Next: 66%
Magic:  8/8        EV: 11    Int:  9    God:    Jiyva [*****.]
Gold:   211        SH:  0    Dex: 12    Spells: 7/7 levels left

rFire   . . .        o - +3 quarterstaff (chaos)
rCold   . . .        (shield currently unavailable)
rNeg    . . .        e - +0 leather armour
rPois   .            c - +0 hat
rElec   +            p - +0 cloak
rCorr   +            (no gloves)
SInv    .            (no boots)
Will    .....        (no amulet)
Stlth   +            (no ring)
HPRegen 1.78/turn    (no ring)
MPRegen 0.83/turn

%: no passive effects
@: lethally poisoned (-4 -> -5)
A: horns 2, retaliatory headbutt, agile 1, clever 1, electricity resistance,
strong 2
a: Renounce Religion, Oozemancy, Slimify


You were on level 7 of the Dungeon.
You worshipped Jiyva.
Jiyva was extremely pleased with you.
You visited 1 branch of the dungeon, and saw 7 of its levels.

You collected 211 gold pieces.

Inventory:

Hand Weapons
 a - a +2 mace
 b - a +0 short sword
 f - a +0 sling
 n - a +0 hammer of protection
 o - a +3 quarterstaff of chaos (weapon)
 t - a +0 war axe
Missiles
 g - 67 stones (quivered)
 q - 6 atropa-tipped darts
 s - a boomerang
 v - 15 poisoned darts
 w - a curare-tipped dart
Armour
 c - a +0 hat (worn)
 e - a +0 leather armour (worn)
 p - a +0 cloak (worn)
Wands
 u - a wand of paralysis (9)
 y - a wand of acid (9)
 z - a wand of roots (15)
Scrolls
 h - a scroll of brand weapon {unknown}
 i - a scroll of amnesia {unknown}
 j - 4 scrolls of identify {unknown}
 l - a scroll of revelation {unknown}
 x - a scroll of noise {unknown}
Potions
 d - a potion of brilliance
 k - a potion of lignification {unknown}
 m - 3 potions of heal wounds {unknown}
 r - a potion of enlightenment {unknown}


   Skills:
 + Level 13.2 Fighting
 - Level 1.1 Short Blades
 - Level 2.4 Maces & Flails
 - Level 1.2 Armour
 - Level 1.5 Stealth
 - Level 1.7 Invocations


You had 7 spell levels left.
You didn't know any spells.
Your spell library contained the following spells:

 Spells                   Type           Power      Damage    Failure   Level
 Ensorcelled Hibernation  Hex/Ice        0%         N/A       56%         2
 Sublimation of Blood     Necr           0%         N/A       56%         2
 Passwall                 Erth           0%         N/A       80%         3
 Swiftness                Air            0%         N/A       80%         3
 Petrify                  Alch/Erth      0%         N/A       99%         4
 Irradiate                Conj/Alch      0%         3d11      100%        5


Dungeon Overview and Level Annotations

Branches:
Dungeon (7/15)
 Temple: D:4-7

Altars:
Ashenzari
Hepliaklqana
Kikubaaqudgha
Okawaru
Ru
Trog
Vehumet
Jiyva

Shops:
D:2 [   D:4 [=([=

Annotations:
D:4 1 runed translucent door, Ride's ghost, amateur MiFi
D:6 Sigmund


Innate Abilities, Weirdness & Mutations

You have a pair of horns on your head.
You reflexively headbutt those who attack you in melee.
You are agile. (Dex +4, Str/Int -1)
Your mind is acute. (Int +4, Str/Dex -1)
You are resistant to electric shocks. (rElec)
Your muscles are very strong. (Str +8, Int/Dex -2)


Message History

You hear a shout! x2
A sky beast appears from thin air!
Reactivating autopickup.
Unknown command.
Unknown command.
You barely miss the sky beast.
You feel very sick.
The sky beast hits you but does no damage.
You closely miss the sky beast.
Your attacks no longer feel as feeble.
You feel very sick. The sky beast hits you.
* * * LOW HITPOINT WARNING * * *
The sky beast shocks you. You resist.
* * * LOW HITPOINT WARNING * * *
Unknown command.
You closely miss the sky beast.
You headbutt the sky beast, but do no damage.
You feel sick. The sky beast hits you.
* * * LOW HITPOINT WARNING * * *
The sky beast shocks you. You resist.
* * * LOW HITPOINT WARNING * * *
The gnoll bouda hits you with a +0 hand axe.
* * * LOW HITPOINT WARNING * * *
The sky beast closely misses you. You furiously retaliate!
You headbutt the sky beast!
The gnoll bouda hits you with a +0 hand axe!
* * * LOW HITPOINT WARNING * * *
Unknown command.
Unknown command.
You barely miss the sky beast.
The sky beast is heavily wounded.
You feel sick. The sky beast barely misses you. The gnoll bouda misses you.
You furiously retaliate!
You headbutt the gnoll bouda! You barely miss the sky beast.
You headbutt the sky beast!
The sky beast is severely wounded.
You feel sick. The sky beast closely misses you. You furiously retaliate!
You headbutt the sky beast.
The gnoll bouda hits you with a +0 hand axe!
You die...

#.######..... ....
#.#..<.......
#.#.######.#.#.##.....
..........#....+ ...
#.........#..#.# .
#.#...)...#..#.#
.#.#.........#..#.###
......g#..............
#fY@?.........####
#.###...####### ..
#.#...# ... #...#....#
##. ..###....# .. #.##
...# . .. ...# ... ..#
..## ..#


You could see a sky beast, a sleepcap and a gnoll bouda.

Vanquished Creatures
  Pikel (D:4)
  Prince Ribbit (D:5)
  An ice beast (D:5)
  A black bear (D:6)
  2 lemures
  A kobold brigand (D:6)
  A gnoll sergeant (D:7)
  4 scorpions
  A killer bee (D:7)
  A hound (D:5)
  3 orc priests
  3 orc wizards
  Robin (D:3)
  8 gnolls
  8 adders
  A shadow imp (D:6)
  A white imp (D:5)
  2 ufetubi (D:6)
  A ribbon worm (D:5)
  2 dart slugs
  18 orcs
  10 ball pythons
  An endoplasm (D:1)
  A giant cockroach (D:2)
  8 goblins
  13 hobgoblins
  A quokka (D:1)
  3 bats
  2 frilled lizards
  10 kobolds
  5 rats
116 creatures vanquished.

Vanquished Creatures (others)
  4 jellies
  A hound (D:4)
  Crazy Yiuf (D:3)
  An orc wizard (D:3)
  An adder (D:2)
  5 orcs
  4 endoplasms
  A goblin (D:3)
  5 jackals
  3 kobolds
  2 ball pythons
28 creatures vanquished.

Grand Total: 144 creatures vanquished

Notes
Turn   | Place    | Note
-------+----------+-------------------------------------------
     0 | D:1      | Daunt the Minotaur Wanderer began the quest for the Orb.
     0 | D:1      | Daunt set off with the following items: a +2 mace, a +0
                  | short sword, a +0 hat, a potion of brilliance, a +0 leather
                  | armour.
     0 | D:1      | Reached XP level 1. HP: 18/18 MP: 1/1
    39 | D:1      | Reached skill level 3 in Fighting
   138 | D:1      | Reached XP level 2. HP: 26/26 MP: 2/2
   522 | D:1      | Found a faded altar of an unknown god.
   528 | D:1      | Prayed at the altar of an unknown god.
   528 | D:1      | Became a worshipper of Jiyva Joteyghe the Shapeless
   528 | D:1      | Reached * piety under Jiyva
   599 | D:2      | Reached skill level 4 in Fighting
   618 | D:2      | Reached XP level 3. HP: 33/33 MP: 3/3
   740 | D:2      | Found Qionuh's Antique Armour Emporium.
   779 | D:2      | Reached ** piety under Jiyva
   896 | D:2      | Reached skill level 5 in Fighting
  1186 | D:3      | Found an ancient bone altar of Kikubaaqudgha.
  1192 | D:3      | Reached XP level 4. HP: 42/42 MP: 4/4
  1289 | D:3      | Noticed Robin
  1301 | D:3      | Killed Robin
  1350 | D:3      | Reached skill level 6 in Fighting
  1387 | D:3      | Reached XP level 5. HP: 43/51 MP: 5/5
  1498 | D:3      | Found a broken altar of Ashenzari.
  1518 | D:3      | Reached *** piety under Jiyva
  1635 | D:3      | Found a runed translucent door.
  1636 | D:3      | Noticed Crazy Yiuf
  1647 | D:3      | Killed Crazy Yiuf
  1818 | D:4      | Found Ynlyoz's Armour Boutique.
  1933 | D:4      | Found Deweolelol's Jewellery Shoppe.
  1945 | D:4      | Gained mutation: Your muscles are strong. (Str +4, Int/Dex
                  | -1) [Jiyva's grace]
  1945 | D:4      | Gained mutation: Your muscles are very strong. (Str +8,
                  | Int/Dex -2) [Jiyva's grace]
  1945 | D:4      | Gained mutation: You are resistant to electric shocks.
                  | (rElec) [Jiyva's grace]
  1945 | D:4      | Gained mutation: You have hidden genetic potential.
                  | [Jiyva's grace]
  2031 | D:4      | Found a radiant altar of Vehumet.
  2099 | D:4      | Found an iron altar of Okawaru.
  2118 | D:4      | Noticed Duvessa
  2119 | D:4      | Noticed Dowan
  2180 | D:4      | Found Deyst's Antique Armour Shop.
  2181 | D:4      | Found Sulo's Jewellery Boutique.
  2188 | D:4      | Reached skill level 7 in Fighting
  2258 | D:4      | Reached **** piety under Jiyva
  2274 | D:4      | Found a runed translucent door.
  2277 | D:4      | Noticed Ride's ghost (amateur MiFi)
  2328 | D:4      | Slimified Duvessa
  2328 | D:4      | Duvessa changed into Duvessa the endoplasm
  2328 | D:4      | Noticed Duvessa
  2397 | D:5      | Entered Level 5 of the Dungeon
  2397 | D:5      | Found a bloodstained altar of Trog.
  2422 | D:5      | Reached XP level 6. HP: 61/61 MP: 6/6
  2499 | D:5      | Noticed Prince Ribbit
  2507 | D:5      | Noticed Pikel
  2526 | D:4      | Killed Pikel
  2527 | D:4      | Reached skill level 10 in Fighting
  2527 | D:4      | Reached XP level 7. HP: 46/72 MP: 7/7
  2529 | D:4      | Gained mutation: You are agile. (Dex +4, Str/Int -1)
                  | [hidden potential]
  2553 | D:5      | Killed Prince Ribbit
  2663 | D:4      | Killed Duvessa the endoplasm
  2663 | D:4      | Pacified Dowan
  2695 | D:4      | Found a sacrificial altar of Ru.
  2711 | D:4      | Reached skill level 11 in Fighting
  2759 | D:4      | Found Aqesa's Weapon Emporium.
  3208 | D:5      | Reached XP level 8. HP: 69/82 MP: 8/8
  3279 | D:5      | Found a hazy altar of Hepliaklqana.
  3412 | D:5      | Reached skill level 12 in Fighting
  3419 | D:5      | Gained mutation: Your mind is acute. (Int +4, Str/Dex -1)
                  | [hidden potential]
  3419 | D:5      | Lost mutation: You have hidden genetic potential. [hidden
                  | potential expressed]
  3656 | D:6      | Reached ***** piety under Jiyva
  3748 | D:6      | Noticed Sigmund
  3851 | D:7      | Reached skill level 13 in Fighting
  3857 | D:7      | Slain by a gnoll bouda

Illustrated notes

Levels and vault maps discovered:
D:1:      dpeg_arrival_fog, layout_loops_cross,
          hellmonk_ecumenical_altar_heavens_door, supply_closet_lemuel
D:2:      layout_basic, serial_shops, nicolae_shop_just_a_little_nook,
          wander_ebering_terrifying_dragon_lair
D:3:      layout_basic, lemuel_crystal_altar, cheibrodos_ashenzari_chains,
          uniq_robin, uniq_crazy_yiuf_cottage
D:4:      layout_layer_cave, vehumet_crystals, nicolae_overflow_crystal_walls,
          nicolae_ru_sacrificial_ziggurat, serial_shops,
          nicolae_shop_statue_plus, nicolae_shop_hallway_plus,
          nicolae_shop_gaudy_bauble, nicolae_shop_pleasant_corner_grove, shop,
          ebering_ghost_sewer_d, grunt_decor_clamped,
          hangedman_decor_clover_reticule, corexii_corridor_pit, uniq_duvessa
D:5:      layout_basic, bloody_trog, nicolae_overflow_hidden_temple, uniq_pikel,
          uniq_prince_ribbit1
D:6:      layout_cave_pools, kennysheep_generic_room_4, uniq_sigmund
D:7:      layout_basic, mainiacjoe_overflow_alcove_4,
          minmay_temple_entry_butterflies, nicolae_ossuary_entry_monument,
          grunt_decor_resistance, minmay_fractal_squares_5

Skill      XL: |  1  2  3  4  5  6  7  8 |
---------------+-------------------------+-----
Fighting       | 3 4 5 6 7 10 11 13 | 13.2
Short Blades   | |  1.1
Maces & Flails | |  2.4
Armour         | |  1.2
Stealth        | |  1.5
Invocations    | |  1.7

Action                     |  1- 3 |  4- 6 |  7- 9 || total
---------------------------+-------+-------+-------++-------
  Melee: Mace              |    49 |    54 |       ||   103
         Headbutt          |     6 |     8 |    24 ||    38
         Punch             |       |     1 |       ||     1
         Quarterstaff      |       |    42 |    76 ||   118
  Throw: Stone             |       |     1 |       ||     1
 Invoke: Slimify           |       |     1 |       ||     1
   Stab: Sleeping          |     2 |       |     1 ||     3
         Confused          |       |     1 |       ||     1
 Armour: Leather armour    |    30 |    69 |    80 ||   179
  Dodge: Dodged            |    27 |    73 |    71 ||   171
